Cogmind - Beta 13 @@@ ROGUE MODE // 2024.03.29 @ 10:07:30 Player: Andz Result: Destroyed by as-47042 with Assembled Blade Performance ------------- Evolutions (1) 500 Regions Visited (4) 800 Robots Destroyed (23) 115 Value Destroyed (262) 262 Prototype IDs (0) 0 Alien Tech Used (0) 0 Bonus (0) 0 TOTAL SCORE: 1677 Bonus ------- None Cogmind --------- Core Integrity 0/400 Matter 250/300 Energy 97/100 System Corruption 7% Temperature Cool (0) Movement Rolling (125) Ox3 Location -9/Mines Parts ------- > --- POWER (1) -------- (None) > --- PROPULSION (3) --- Wheel Wheel > --- UTILITY (3) ------ Huge Storage Unit > --- WEAPON (2) ------- (None) > --- INVENTORY (25) --- Light Ion Engine Light Ion Engine Light Ion Engine High-capacity Storage Unit Large Matter Pod (150) Signal Interpreter Improved Terrain Scanner Rocket Launcher Peak State ------------ > --- POWER ------------ Light Ion Engine > --- PROPULSION ------- Wheel Wheel Wheel > --- UTILITY ---------- High-capacity Storage Unit Improved Terrain Scanner Targeting Computer > --- WEAPON ----------- EM Pulse Gun Heavy Assault Rifle > --- INVENTORY -------- Light Ion Engine Light Ion Engine Wheel Compact Wheel Compact Wheel Huge Storage Unit Large Matter Pod Signal Interpreter Improved Terrain Scanner [Rating: 13] Favorites ----------- Power Light Ion Engine Engine Light Ion Engine Propulsion Wheel Leg Aluminum Leg Wheel Wheel Utility Improved Terrain Scanner Device Improved Terrain Scanner Storage Small Storage Unit Processor Targeting Computer Weapon Small Laser Energy Gun Small Laser Ballistic Gun Heavy Assault Rifle Build | -11 -10 -10 -9 -9 ------- Run | Yrd Mat Min Mat Min Slots Evolved 2 | . . . 2 . Power . | . . . . . Propulsion 1 | . . . 1 . Utility 1 | . . . 1 . Weapon . | . . . . . Parts Attached 24 | 8 3 1 7 5 Power 2 | 1 1 . . . Engine 2 | 1 1 . . . Core . | . . . . . Reactor . | . . . . . Propulsion 11 | 2 2 . 3 4 Treads . | . . . . . Leg 2 | 2 . . . . Wheel 9 | . 2 . 3 4 Hover . | . . . . . Flight . | . . . . . Utility 6 | 3 . 1 2 . Device 2 | 2 . . . . Storage 3 | 1 . 1 1 . Processor 1 | . . . 1 . Hackware . | . . . . . Protection . | . . . . . Artifact . | . . . . . Weapon 5 | 2 . . 2 1 Energy Gun 3 | 2 . . 1 . Energy Cannon . | . . . . . Ballistic Gun 2 | . . . 1 1 Ballistic Cannon . | . . . . . Launcher . | . . . . . Special Weapon . | . . . . . Impact Weapon . | . . . . . Slashing Weapon . | . . . . . Piercing Weapon . | . . . . . Special Melee Weapon . | . . . . . Unidentified Prototypes . | . . . . . Parts Lost 10 | . . . . 10 Power 1 | . . . . 1 Propulsion 4 | . . . . 4 Utility 2 | . . . . 2 Weapon 3 | . . . . 3 Highest Loss Streak 10 | . . . . 10 To Critical Strikes . | . . . . . Average Slot Usage (%) 95 | . 99 100 92 87 Engine 12 | . 14 14 11 9 Leg 7 | . 22 . . . Wheel 21 | . 5 28 33 29 Device 12 | . 14 14 11 9 Storage 12 | . 14 14 11 11 Processor 3 | . . . 4 9 Energy Gun 21 | . 28 28 17 8 Ballistic Gun 3 | . . . 4 9 Naked Turns . | . . . . . Heaviest Build 89 | 14 14 47 89 89 Greatest Support 32 | 20 32 32 30 30 Greatest Overweight (x) 27 | 1 4 1 2 27 Average Overweight (x) . | . . . 1 2 Largest Inventory Capacity 25 | 8 8 20 25 25 Average Capacity 14 | 7 8 14 22 25 Most Carried 13 | 4 6 12 12 13 Average Carried 7 | 3 5 7 9 11 Final Capacity 25 | 8 8 20 25 25 Final Carried 11 | 4 4 11 9 8 Class Distribution -------------------- 74% | Mutant 25% | Scavenger-Mutant Dominant Class ---------------- Mutant | -10/Materials Mutant | -10/Mines Scavenger-Mutant | -9/Materials Scavenger-Mutant | -9/Mines Resources | -11 -10 -10 -9 -9 ----------- Run | Yrd Mat Min Mat Min Matter Collected 575 | 270 85 160 . 60 Remotely . | . . . . . Salvage Created 716 | 223 391 73 . 29 Parts 56 | 24 16 12 . 4 Haulers Intercepted . | . . . . . Recyclers Shooed 5 | . 4 . . 1 Parts Field Recycled . | . . . . . Retrieved Matter . | . . . . . Parts Self-Destructed . | . . . . . Prevented . | . . . . . Kills | -11 -10 -10 -9 -9 ------- Run | Yrd Mat Min Mat Min Combat Hostiles Destroyed 5 | . 4 . . 1 Guns 5 | . 4 . . 1 Classes Destroyed 6 | 3 2 . . 1 Worker 7 | 2 2 3 . . Tunneler 7 | 5 . 1 . 1 Recycler 3 | 1 2 . . . Watcher 1 | . 1 . . . Swarmer 1 | . . . . 1 Grunt 4 | . 4 . . . Best Kill Streak 5 | 5 3 2 . 1 Combat Bots Only 2 | . 2 . . 1 Max Kills in Single Turn 1 | 1 1 1 . 1 Gunslinging . | . . . . . Exploded . | . . . . . Melee . | . . . . . Uniques/NPCs Destroyed . | . . . . . Combat | -11 -10 -10 -9 -9 -------- Run | Yrd Mat Min Mat Min Hostile Shots Fired 84 | . 34 . 2 48 Missed 20 | . 5 . 1 14 Damage Taken 1400 | . 384 . 14 1002 Core 461 | . 48 . . 413 Absorbed by Shields . | . . . . . Core Remaining (%) 90 | 100 . 80 . . Volleys Fired 85 | 15 47 10 . 13 Largest 2 | 2 2 2 . 2 Hottest 90 | 90 90 90 . 63 Shots Fired 151 | 26 79 20 . 26 Gun 151 | 26 79 20 . 26 Cannon . | . . . . . Launcher . | . . . . . Special . | . . . . . Kinetic 14 | . . . . 14 Thermal 125 | 26 79 20 . . Explosive . | . . . . . Electromagnetic 12 | . . . . 12 Robot Hit Streak 8 | 6 8 3 . 4 Robot Miss Streak 9 | 5 3 5 . 9 Penetration Max . | . . . . . Secondary Targets 1 | . . . . 1 Max Gunslinging Chain 1 | . . . . 1 Shots Hit Robots 82 | 14 48 10 . 10 Core Hits 33 | 9 17 5 . 2 Critical Kills . | . . . . . Critical Parts Destroyed . | . . . . . Critical Strikes 3 | 1 2 . . . Burn 3 | 1 2 . . . Melee Attacks . | . . . . . Impact . | . . . . . Slashing . | . . . . . Piercing . | . . . . . Sneak Attacks . | . . . . . Combat Hostiles . | . . . . . Follow-up Attacks . | . . . . . Damage Inflicted 985 | 166 572 113 . 134 Guns 985 | 166 572 113 . 134 Cannons . | . . . . . Explosions . | . . . . . Melee . | . . . . . Ramming . | . . . . . Kinetic 55 | . . . . 55 Thermal 851 | 166 572 113 . . Explosive . | . . . . . Electromagnetic 79 | . . . . 79 Impact . | . . . . . Slashing . | . . . . . Piercing . | . . . . . Highest Corruption 7 | . . . . 7 Average Corruption 7 | . . . . 7 Corruption Purged . | . . . . . Corruption Blocked . | . . . . . Overload Shots . | . . . . . Overflow Damage . | . . . . . Projectiles . | . . . . . Explosions . | . . . . . Melee . | . . . . . Knockbacks . | . . . . . Impact . | . . . . . Kinetic . | . . . . . Secondary . | . . . . . Self-Inflicted Damage . | . . . . . Shots . | . . . . . Rammed . | . . . . . Targets Rammed . | . . . . . Kicked . | . . . . . Crushed . | . . . . . Highest Temperature 449 | 198 449 60 . . Average Temperature 143 | 96 183 25 . . Received Heat Transfer 225 | . 216 . 9 . Effects 10 | . 10 . . . Shutdowns 3 | . 3 . . . Energy Bleed 1 | . 1 . . . Interference 2 | . 2 . . . Matter Decay 1 | . 1 . . . Short Circuit 1 | . 1 . . . Damage (major) 2 | . 2 . . . Siege Activations . | . . . . . Robots Corrupted . | . . . . . Combat Hostiles . | . . . . . Parts Fried . | . . . . . Impact Corruptions . | . . . . . Robots Melted . | . . . . . Combat Hostiles . | . . . . . Parts Melted 2 | . 2 . . . Heat Transferred 2502 | 532 1684 286 . . Parts Sabotaged . | . . . . . Parts Stolen . | . . . . . Parts Stripped . | . . . . . Power Chain Reactions . | . . . . . Alert | -11 -10 -10 -9 -9 ------- Run | Yrd Mat Min Mat Min Peak Influence 218 | 40 218 104 55 61 Initial 84 | . 26 84 40 21 Average 74 | 19 122 89 40 47 Maximum Alert Level 1 | . 1 . . . Low Security (%) 95 | 100 82 100 100 100 Level 1 4 | . 17 . . . Level 2 . | . . . . . Level 3 . | . . . . . Level 4 . | . . . . . Level 5 . | . . . . . High Security . | . . . . . Max Security . | . . . . . Squads Dispatched . | . . . . . Investigation . | . . . . . Extermination . | . . . . . Reinforcement . | . . . . . Assault . | . . . . . Garrison . | . . . . . Intercept . | . . . . . Searches Triggered . | . . . . . Construction Impeded . | . . . . . Haulers Reinforced . | . . . . . Active Scanning Responses . | . . . . . Cargo Convoy Interrupts . | . . . . . Stealth | -11 -10 -10 -9 -9 --------- Run | Yrd Mat Min Mat Min Distress Signals . | . . . . . Communications Jammed . | . . . . . Distress Signals . | . . . . . Times Spotted 28 | . 10 . 1 17 Peak Tracking Total 7 | . 4 . 1 7 Tactical Retreats 1 | . . . . 1 Traps | -11 -10 -10 -9 -9 ------- Run | Yrd Mat Min Mat Min Traps Triggered . | . . . . . Indirectly . | . . . . . Trap Hack Attempts . | . . . . . Triggered . | . . . . . Disarmed . | . . . . . Reprogrammed . | . . . . . Reused . | . . . . . Traps Extracted . | . . . . . Installed . | . . . . . Triggered . | . . . . . Machines | -11 -10 -10 -9 -9 ---------- Run | Yrd Mat Min Mat Min Machines Disabled . | . . . . . Max in Single Turn . | . . . . . Machines Repaired . | . . . . . Machines Dismantled . | . . . . . Machines Sabotaged . | . . . . . Overloaded Fab Kills . | . . . . . Hacking | -11 -10 -10 -9 -9 --------- Run | Yrd Mat Min Mat Min Machines Accessed 2 | . 2 . . . Terminals 2 | . 2 . . . Fabricators . | . . . . . Repair Stations . | . . . . . Recycling Units . | . . . . . Scanalyzers . | . . . . . Garrison Access . | . . . . . Total Hacks 10 | . 10 . . . Successful 4 | . 4 . . . Failed 6 | . 6 . . . Catastrophic 1 | . 1 . . . Database Lockouts . | . . . . . Manual . | . . . . . Terminals 10 | . 10 . . . Fabricators . | . . . . . Repair Stations . | . . . . . Recycling Units . | . . . . . Scanalyzers . | . . . . . Garrison Access . | . . . . . Terminal Hacks 4 | . 4 . . . Record 3 | . 3 . . . Locate Traps 1 | . 1 . . . Fabricator Hacks . | . . . . . Repair Station Hacks . | . . . . . Recycling Unit Hacks . | . . . . . Scanalyzer . | . . . . . Garrison Access Hacks . | . . . . . Unauthorized Hacks . | . . . . . Terminals . | . . . . . Fabricators . | . . . . . Repair Stations . | . . . . . Recycling Units . | . . . . . Scanalyzers . | . . . . . Garrison Access . | . . . . . Data Cores Recovered . | . . . . . Used . | . . . . . Hacking Detections 2 | . 2 . . . Full Trace Events . | . . . . . Feedback Events . | . . . . . Feedback Blocked . | . . . . . Robot Schematics Acquired . | . . . . . Robots Built . | . . . . . Authchips . | . . . . . Time . | . . . . . Total Robot Build Rating . | . . . . . Part Schematics Acquired . | . . . . . Parts Built . | . . . . . Authchips . | . . . . . Time . | . . . . . Total Part Build Rating . | . . . . . Parts Repaired . | . . . . . Time . | . . . . . Parts Recycled . | . . . . . Recycled Matter . | . . . . . Retrieved Matter . | . . . . . Retrieved Components . | . . . . . Parts Scanalyzed . | . . . . . Part Schematics Acquired . | . . . . . Parts Damaged . | . . . . . Bothacking | -11 -10 -10 -9 -9 ------------ Run | Yrd Mat Min Mat Min Used RIF Installer . | . . . . . Robots Hacked . | . . . . . Non-combat . | . . . . . Combat . | . . . . . Robot Hacks Applied . | . . . . . Relay Couplers Released . | . . . . . Fabnet Peak Effective % . | . . . . . Robots Rewired . | . . . . . Allies Hacked . | . . . . . Hacks Repelled . | . . . . . Allies | -11 -10 -10 -9 -9 -------- Run | Yrd Mat Min Mat Min Total Allies 1 | . . . . 1 Largest Group 1 | . . . . 1 Highest-Rated Group 31 | . . . . 31 Highest-Rated Ally 31 | . . . . 31 Total Orders . | . . . . . Ally Attacks 3 | . . . . 3 Total Damage 22 | . . . . 22 Kills 1 | . . . . 1 Allies Corrupted . | . . . . . Allies Melted . | . . . . . Intel | -11 -10 -10 -9 -9 ------- Run | Yrd Mat Min Mat Min Robot Analysis Total . | . . . . . Derelict Logs Recovered . | . . . . . Drone Launches . | . . . . . Drone Recoveries . | . . . . . Exploration | -11 -10 -10 -9 -9 ------------- Run | Yrd Mat Min Mat Min Turns Passed 992 | 172 285 240 51 244 Spaces Moved 603 | 105 111 185 38 164 Core 24 | 22 1 . . 1 Treads . | . . . . . Legs 148 | 83 65 . . . Wheels 431 | . 45 185 38 163 Hover . | . . . . . Flight . | . . . . . Fastest Speed 50 | 50 100 100 95 110 Average Speed 111 | 110 113 106 102 118 Slowest Speed 1400 | 120 250 115 110 1400 Overloaded Moves . | . . . . . Propulsion Burnouts . | . . . . . Robots Hopped . | . . . . . Cave-ins Triggered 2 | . . . . 2 Exploration Rate (%) 23 | 5 25 54 4 31 Regions Visited 4 Branch Regions 2 Pre-discovered Areas 1 | . . . . 1 Known Exits Taken . | . . . . . Unknown Exits Taken 4 | 1 1 1 1 . Scrap Searched 1 | . . 1 . . Spaces Dug . | . . . . . Terrain Destroyed . | . . . . . Melee . | . . . . . Projectile . | . . . . . AOE . | . . . . . Terrain Rammed . | . . . . . Walls Destroyed . | . . . . . Machines Disabled . | . . . . . Actions | -11 -10 -10 -9 -9 --------- Run | Yrd Mat Min Mat Min Total 769 | 132 191 209 50 187 Wait 24 | . 24 . . . Move 599 | 104 110 184 37 164 Hop . | . . . . . Pick Up 23 | 4 2 10 3 4 Fast Attach 13 | 8 3 1 . 1 Attach 8 | . . . 4 4 Detach . | . . . . . Swap 3 | . . . 3 . Drop 14 | 1 5 4 3 1 Fire 85 | 15 47 10 . 13 Melee . | . . . . . Ram . | . . . . . Kick . | . . . . . Crush . | . . . . . Escape Stasis . | . . . . . Rewire . | . . . . . Trap . | . . . . . Miscellaneous . | . . . . . Route ------- -11/Scrapyard -10/Materials -10/Mines -9/Materials -9/Mines (discovered 1 exit: [*Mat]) History --------- Turn | Location | Event 7 | -11/Scrapyard | Discovered new exit (range 16) 173 | -11/Scrapyard | Entered Materials 300 | -10/Materials | Build established: Mutant 452 | -10/Materials | Discovered new exit (range 7) 458 | -10/Materials | Entered Mines 488 | -10/Mines | Met a Derelict bent on vengeance 689 | -10/Mines | Discovered new exit (range 4) 698 | -10/Mines | Entered Materials 698 | -9/Materials | Evolved 2 slots: Propulsion x1, Utility x1 702 | -9/Materials | Discovered new exit (range 14) 749 | -9/Materials | Entered Mines 768 | -9/Mines | Escorted by a lone wolf Derelict 788 | -9/Mines | Learned location of Storage (-9) 886 | -9/Mines | Received a Rocket Launcher from a helpful Derelict 890 | -9/Mines | Discovered new exit (range 8) 933 | -9/Mines | Assembled infested the area 955 | -9/Mines | Crushed by falling debris 969 | -9/Mines | Crushed by falling debris 969 | -9/Mines | Core integrity fell below 50% 986 | -9/Mines | Core integrity fell below 20% 993 | -9/Mines | Destroyed by as-47042 with Assembled Blade Last Messages --------------- 00957_ Hvy. Assault Rifle destroyed. 00957_ Lgt. Assault Rifle destroyed. 00959_ as-38034 destroyed. 00959_ D-53 Grenadier destroyed. 00961_ The unstable cave ceiling collapses. 00961_ as-63762 destroyed. 00962_ D-53 Grenadier destroyed. 00969_ The unstable cave ceiling collapses. 00969_ Crushed by falling debris. 00970_ The unstable cave ceiling collapses. 00970_ Dropped Com. Wheel. 00971_ The unstable cave ceiling collapses. 00972_ Com. Wheel destroyed. 00974_ The unstable cave ceiling collapses. 00980_ as-20866 sneak attacks. 00980_ K-01 Serf destroyed. 00981_ Acquired Wheel. 00983_ The unstable cave ceiling collapses. 00986_ Wheel severed. 00991_ K-01 Serf destroyed. Map ----- +----------------------------------------------------+ | ??????????????????????????????? | | ??????????????????????????????? | | ??????????????????????????????? | | ??????????????????????????????? | | ??????????????????????????????? | | ??????????????????????????????? | | ??????????????????????????????? | | ??????????????????????????????? | | ??????????????????????????????? | | ??????????????????????????????? | | ??????????????????????????????? | | ??????????????????????????????? | | ??????????????????????????????? | | ??????????????????????????????? | | ??????????????????????????????? | | ??????????????????????????????? | | ??????????????????????????????? | | ??????????????????????????????? | | ??????????????????????????????? | | ???????#??????????????????????? | | ?????## ??????????????????????? | | ???? # ??????????????####???? | | ???? ?????????????## ##??? | | ????? ????????????# < #??? | | ????#? ???????#???## #??# | | ?????? ???#?#?????# @ #??? | | ??????? ???????????# a ##??? | | ???????# ????#?###### a##???? | | ???????? #????## ## %##????? | | ##??????#% ##??# # *#?#???? | | ? ?????## #### # #?????? | | ?? ????# ## ##= ##????? | | ??# ???# ## ##???? | | ??# ??# ## ##??? | | ??# ### %* ## = #???? | | ?## ##%! #???? | | ??# ### # * #???? | | ??##### ## # ##???? | | ??????# ### ## #????? | | ?????##!% # # =# ##???? | | ?????# # ## ##??? | | ????## # ##?? | | ??#?# # % #??? | | ?#??# ##??? | | ????## ##???? | | ?????### # # ##????? | | ??????## ###############?????? | | ???#???# #???#????????????#??? | | ?????#?# #????????????#??????? | | ######## #???????????????????? | +----------------------------------------------------+ Best States ------------- Heat Dissipation 28 Energy Generation 10 Energy Capacity 250 Matter Stores 300 Matter Capacity 300 Sight Range 16 Terrain Scan Range 16 Terrain Scan Density 10 Evasion (%) 55 Targeting Accuracy 5 Item Schematics ----------------- None Robot Schematics ------------------ None Fabricated ------------ Nothing Alien Tech Used ----------------- None Achievements -------------- Hey, That's Mine! Challenges ------------ None Game ------ Seed AssaultCargoLance Manual? 0 Play Time 00:26:20 Cumulative 12.9 hours Start 2024.03.29 @ 09:11:29 End 2024.03.29 @ 10:07:30 Sessions 1 Manual Loads 0 Difficulty Rogue Special Mode None Game No. 18 Rogue 18 Adventurer 0 Explorer 0 Win Type - Total 0 Types 0/0/0/0/0/0/0/0/0 Lore% 5 Gallery% 15 Achievement% 12 Wizard Run 0 Options --------- Layout 1 ASCII 0 Keyboard 0 Movement Mouse Keybinds 0 Fullscreen 1 Font 24/Smallcaps Map View 50x35 Zoom Use 0% Tactical HUD 1 Map Filters NONE Filters NONE Steam 1 RUN: 13f50aba-f08e-4c1d-a2ea-2d21bc13cb5d